 Dungeon Crawl Stone Soup version 0.20-a0-1109-ge3cd172 (console) character file.

14371 Goblin1989 the Transmogrifier (level 12, -5/96 HPs)
             Began as a Gnoll Transmuter on May 5, 2017.
             Was a High Priest of Okawaru.
             Slain by urechis's ghost (11 damage)
             ... on level 10 of the Dungeon on May 6, 2017.
             The game lasted 00:53:48 (16052 turns).

Goblin1989 the Transmogrifier (Gnoll Transmuter)   Turns: 16052, Time: 00:53:49

Health: -5/96      AC:  5    Str: 13    XL:     12   Next: 15%
Magic:  20/24      EV: 18    Int: 14    God:    Okawaru [*****.]
Gold:   604        SH:  0    Dex: 15    Spells: 12/27 levels left

rFire    . . .     SeeInvis .     - Unarmed
rCold    . . .     Gourm    .   (shield currently unavailable)
rNeg     . . .     Faith    .   Q - +2 robe {MR+}
rPois    .         Spirit   .   h - +0 helmet
rElec    .         Reflect  .   O - scarf {cloud immunity}
rCorr    .         Harm     .   (gloves currently unavailable)
MR       +....                  (no boots)
Stlth    +.........             (no amulet)
Regen    0.3/turn               (no ring)
MPRegen  0.2/turn               (no ring)

@: blade hands
A: short attention span, fangs 1, blink, blurry vision 1, strong nose
a: End Transformation, Blink, Heroism, Finesse, Renounce Religion


You were on level 10 of the Dungeon.
You worshipped Okawaru.
Okawaru was extremely pleased with you.
You were near starving.
You had blades for hands.
You visited 1 branch of the dungeon, and saw 11 of its levels.
You also visited: Sewer and Ossuary.

You collected 604 gold pieces.

Inventory:

Hand Weapons
 P - a +2 dagger of venom
Missiles
 a - 103 arrows
 J - 3 javelins of penetration (quivered)
Armour
 h - a +0 helmet (worn)
 i - a +0 pair of gloves (melded)
 j - a +2 robe of cold resistance
 K - a scarf of spirit shield
 O - a scarf of cloud immunity (worn)
 Q - a +2 robe of magic resistance (worn)
Jewellery
 v - an uncursed ring of ice
Wands
 L - a wand of lightning (5/15)
Scrolls
 d - 2 scrolls of fog
 f - 4 scrolls of remove curse {@r2}
 k - 2 scrolls of amnesia
 n - a scroll of enchant weapon {unknown}
 o - 8 scrolls of teleportation {unknown}
 x - 2 scrolls of recharging
 y - 2 scrolls of noise {unknown}
 B - 4 scrolls of blinking
 D - a scroll of enchant armour
 G - a scroll of random uselessness {unknown}
 I - a scroll of silence
 M - 2 scrolls of magic mapping
 R - a scroll of identify {@r1}
Potions
 b - a potion of berserk rage
 p - 6 potions of curing {@q1}
 q - 3 potions of cancellation
 s - 2 potions of haste {@q3, !q}
 t - 2 potions of agility
 u - a potion of might
 w - a potion of invisibility
 A - 2 potions of brilliance
 C - 3 potions of flight
 E - 2 potions of magic
 F - 4 potions of mutation {!q}
 H - a potion of lignification
 N - a potion of ambrosia {unknown}
Books
 c - a book of Changes

   Spells                             Type                      Level
   a - Beastly Appendage              Transmutation                1
   b - Sticks to Snakes               Transmutation                2
   c - Spider Form                    Transmutation/Poison         3
   d - Ice Form                       Ice/Transmutation            4
   e - Blade Hands                    Transmutation                5
 l - a book of Necromancy

   Spells                             Type                      Level
   a - Pain                           Necromancy                   1
   b - Animate Skeleton               Necromancy                   1
   c - Vampiric Draining              Necromancy                   3
   d - Regeneration                   Charms/Necromancy            3
   e - Animate Dead                   Necromancy                   4
   f - Control Undead                 Necromancy                   4
 z - Sif Muna's Witchcraft, Part One
   (You found it on level 5 of the Dungeon)

   Spells                             Type                      Level
   a - Infusion                       Charms                       1
   b - Magic Dart                     Conjuration                  1
   c - Corona                         Hexes                        1
   d - Summon Butterflies             Summoning                    1
   e - Beastly Appendage              Transmutation                1
Miscellaneous
 S - a phial of floods
Comestibles
 e - 5 bread rations {@e1}
 g - 8 meat rations {@e2}
 m - 7 royal jellies
 r - 22 fruits


   Skills:
 + Level 9.4 Fighting
 + Level 9.4 Dodging
 * Level 9.9 Unarmed Combat
 - Level 8.0 Spellcasting
 + Level 2.4 Charms
 - Level 8.0 Necromancy
 - Level 10.0 Transmutations
 + Level 6.6 Invocations


You had 12 spell levels left.
You knew the following spells:

 Your Spells              Type           Power        Failure   Level  Hunger
a - Beastly Appendage     Tmut           ####..       9%          1    None
b - Sticks to Snakes      Tmut           ####....     10%         2    None
c - Blade Hands           Tmut           ####......   34%         5    #####..
E - Animate Dead          Necr           N/A          32%         4    ####...
R - Regeneration          Chrm/Necr      ###.......   32%         3    ##.....


Dungeon Overview and Level Annotations

Branches:
Dungeon (11/15)            Temple (0/1) D:5
   Lair: D:8-11         Orc: D:9-12

Altars:
Elyvilon
Gozag
Hepliaklqana
Makhleb
Okawaru
Trog
Uskayaw
Xom

Shops:
D:4 :

Annotations:
D:10 Josephine; Sonja; urechis's ghost, journeyman HOBe


Innate Abilities, Weirdness & Mutations

You have a short attention span.
You have very sharp teeth.
Your uncanny sense of smell can sniff out nearby items.
You can translocate small distances at will.
Scrolls take you a little longer to read.


Message History

You take 1 damage, and have 55/96 hp.
There is a stone staircase leading up here.
You start resting.
You feel sick.
Your transformation is almost over.
You feel sick.
You regained 2 mp, and now have 23/24 mp.
You start resting.
You feel sick.
You are no longer poisoned.
You start resting.
Magic restored.
Your hands revert to their normal proportions.
Your +0 pair of gloves unmelds from your body.
MP restored: 24 You start resting.
You are feeling very hungry.
You regained 22 hp, and now have 78/96 hp.
You start resting.
HP restored.
Health restored: 96 You climb upwards.
Level annotation: Josephine, Sonja
There is a stone staircase leading down here.
Unknown command.
(D) Dungeon (T) Temple
Where to? (Enter - D:9 @ (x,y), ? - help)
Okay, then.
A centaur skeleton comes into view.
There is an open door here.
The centaur skeleton moves out of view.
No target in view!
Unknown command.
No target in view!
No target in view!
No target in view!
No target in view!
No target in view!
No target in view!
No target in view!
No target in view!
No target in view!
No target in view!
No target in view!
No target in view!
No target in view!
No target in view!
No target in view!
Urechis's ghost (journeyman Hill Orc Berserker) comes into view.
It is wielding a vorpal weapon.
Urechis's ghost turns its malevolent gaze towards you.
Casting: Blade Hands
Confirm with . or Enter, or press ? or * to list all spells.
Your hands turn into razor-sharp scythe blades.
Your +0 pair of gloves melds into your body.
You are near starving!
You now have 19/24 mp.
Unknown command.
The centaur skeleton misses you. The centaur skeleton hits you.
You take 3 damage, and have 93/96 hp.
You hit the centaur skeleton. You bite the centaur skeleton.
The centaur skeleton is moderately damaged.
The centaur skeleton hits you but does no damage.
You slice the centaur skeleton!!
You destroy the centaur skeleton!
Okawaru accepts your kill.
You slice urechis's ghost!!
Urechis's ghost is moderately damaged.
Urechis's ghost hits you!!
You take 39 damage, and have 54/96 hp.
MASSIVE DAMAGE!!
You are too injured to fight recklessly!
You are too injured to fight recklessly!
You are too injured to fight recklessly!
You are too injured to fight recklessly!
You are too injured to fight recklessly!
You are too injured to fight recklessly!
You are too injured to fight recklessly!
You are too injured to fight recklessly!
You are too injured to fight recklessly!
You are too injured to fight recklessly!
You are too injured to fight recklessly!
You are too injured to fight recklessly!
You are too injured to fight recklessly!
You are too injured to fight recklessly!
You are too injured to fight recklessly!
You are too injured to fight recklessly!
You are too injured to fight recklessly!
You are too injured to fight recklessly!
You are too injured to fight recklessly!
You are too injured to fight recklessly!
You hit urechis's ghost.
Urechis's ghost is moderately damaged.
You slash urechis's ghost!
Urechis's ghost is heavily damaged.
Urechis's ghost hits you!
* * * LOW HITPOINT WARNING * * *
x2 You take 15 damage, and have 40/96 hp.
You completely miss urechis's ghost.
Urechis's ghost is heavily damaged.
Urechis's ghost hits you!!
* * * LOW HITPOINT WARNING * * *
You die...

.█ █...█ ████.█ ██ ███.██ █....█
█.<████ ██████.███████ ██....█
█.....(......█
████████∆█████..W.........█
█.........>█....Z.........█
█..........█.█............█ ███
█....(.....█W█............█ ..█
█..........█@█............█
█.███..........█.█............█
█...∆..........∆.█............██
█████..........███...............
█████████∆██ █............███
████.█ ██████.███████ ███....█
███..█ █...████ █...██
█████∆█████ ██.███████


You could see urechis's ghost.

Vanquished Creatures
  Erolcha (D:9)
  Fannar (D:10)
  A hydra (D:9)
  Erica (D:9)
  4 two-headed ogres
  Urug (D:10)
  The ghost of urechis the Cleaver, a novice HOBe of Trog (D:8)
  Psyche (D:10)
  A gargoyle (D:8)
  A troll (D:10)
  The ghost of Goblin1989 the Skirmisher, an amateur BaHu of Ru (D:4)
  A hippogriff (D:10)
  2 dream sheep (D:9)
  Sigmund (D:2)
  A wraith (D:10)
  7 yaks
  A hungry ghost (D:10)
  2 sky beasts
  2 orc warriors
  2 black bears
  3 ice beasts
  4 phantoms
  4 ogres
  4 centaurs
  4 big kobolds
  3 bullfrogs
  A scorpion (D:7)
  13 killer bees
  5 wights (D:8)
  5 howler monkeys
  3 crimson imps
  A human zombie (Ossuary)
  8 hounds
  10 orc wizards
  7 orc priests
  2 jellies
  A centaur skeleton (D:10)
  3 iguanas
  7 worker ants
  A big kobold zombie (Ossuary)
  A hound zombie (D:8)
  3 mummies (Ossuary)
  A worker ant zombie (D:10)
  Robin (D:2)
  A howler monkey zombie (D:8)
  3 gnolls (D:4)
  18 adders
  A river rat (D:4)
  2 oozes
  2 adder zombies
  2 worms
  5 dart slugs
  4 leopard geckos
  20 orcs
  9 ball pythons
  12 giant cockroaches
  14 goblins
  16 hobgoblins
  31 jackals
  6 quokkas
  6 bats
  8 frilled lizards
  2 goblin zombies (Ossuary)
  2 hobgoblin zombies (Ossuary)
  A jackal skeleton (D:7)
  19 kobolds
  2 kobold zombies (Ossuary)
  A leopard gecko skeleton (D:4)
  A leopard gecko zombie (D:6)
  2 quokka zombies (Ossuary)
  11 rats
  7 rat zombies (Ossuary)
  2 plants (Sewer)
338 creatures vanquished.

Vanquished Creatures (collateral kills)
  A bullfrog (D:4)
1 creature vanquished.

Vanquished Creatures (others)
  A plant (Sewer)
1 creature vanquished.

Grand Total: 340 creatures vanquished

Notes
Turn   | Place    | Note
-------+----------+-------------------------------------------
     0 | D:1      | Goblin1989 the Gnoll Transmuter began the quest for the Orb.
     0 | D:1      | Reached XP level 1. HP: 16/16 MP: 5/5
    55 | D:1      | Reached skill level 5 in Unarmed Combat
    71 | D:1      | Reached XP level 2. HP: 11/22 MP: 6/6
   505 | D:1      | Reached XP level 3. HP: 26/27 MP: 8/8
   509 | D:1      | Learned a level 2 spell: Sticks to Snakes
   933 | D:2      | Noticed Robin
   953 | D:2      | Killed Robin
   953 | D:2      | Reached XP level 4. HP: 24/34 MP: 7/9
  1271 | D:2      | Upgraded the game from 0.20-a0-1101-g1de9d76 to 0.20-a0-1109-ge3cd172
  1436 | D:2      | Noticed Sigmund
  1463 | D:2      | Killed Sigmund
  1463 | D:2      | Reached skill level 5 in Dodging
  1463 | D:2      | Reached XP level 5. HP: 12/43 MP: 2/10
  1463 | D:2      | Reached XP level 6. HP: 13/49 MP: 2/11
  1817 | D:2      | Found a hazy altar of Hepliaklqana.
  2748 | D:3      | Found a bloodstained altar of Trog.
  2789 | D:3      | Reached skill level 5 in Fighting
  2989 | D:3      | Reached XP level 7. HP: 56/56 MP: 12/12
  3181 | D:3      | Found a white marble altar of Elyvilon.
  3218 | D:3      | Found an iron altar of Okawaru.
  3222 | D:3      | Became a worshipper of Warmaster Okawaru
  3233 | D:3      | Found an opulent altar of Gozag.
  3425 | D:4      | Found a glowing drain.
  3459 | Sewer    | Entered a sewer
  3856 | Sewer    | Learned a level 5 spell: Blade Hands
  4360 | D:4      | Reached skill level 4 in Transmutations
  4572 | D:4      | Found Fiwooj Onank's Book Shop.
  4754 | D:4      | Noticed Goblin1989's ghost (amateur BaHu)
  4775 | D:4      | Killed Goblin1989's ghost
  4775 | D:4      | Reached skill level 5 in Spellcasting
  5018 | D:4      | Reached XP level 8. HP: 56/64 MP: 15/15
  5202 | D:4      | Reached * piety under Okawaru
  5202 | D:4      | Reached skill level 5 in Transmutations
  5378 | D:5      | Entered Level 5 of the Dungeon
  5586 | D:5      | Identified Sif Muna's Witchcraft, Part One
  5831 | D:5      | Found a shimmering altar of Xom.
  5844 | D:5      | Found a staircase to the Ecumenical Temple.
  6125 | D:6      | Found a sand-covered staircase.
  6130 | Ossuary  | Entered an ossuary
  6370 | Ossuary  | Learned a level 3 spell: Regeneration
  6375 | Ossuary  | Learned a level 4 spell: Animate Dead
  6500 | D:6      | Reached skill level 6 in Transmutations
  6504 | D:6      | Gained mutation: Scrolls take you a little longer to read. [mutagenic meat]
  6505 | D:6      | Gained mutation: You can translocate small distances at will. [mutagenic meat]
  7533 | D:7      | Reached skill level 7 in Transmutations
  7690 | D:7      | Reached XP level 9. HP: 34/72 MP: 19/19
  7709 | D:7      | HP: 1/72 [killer bee (6)]
  8193 | D:7      | Reached skill level 1 in Necromancy
  8259 | D:7      | Reached skill level 8 in Transmutations
  8374 | D:7      | Noticed a two-headed ogre
  8385 | D:7      | Killed a two-headed ogre
  8385 | D:7      | Reached ** piety under Okawaru
  8936 | D:7      | Reached *** piety under Okawaru
  9310 | D:8      | Noticed a gargoyle
  9330 | D:8      | Killed a gargoyle
  9696 | D:8      | Reached XP level 10. HP: 80/80 MP: 13/22
  9707 | D:8      | Reached skill level 9 in Transmutations
  9887 | D:8      | Noticed a two-headed ogre
  9898 | D:8      | Killed a two-headed ogre
  9898 | D:8      | Reached skill level 5 in Necromancy
 10175 | D:8      | Reached **** piety under Okawaru
 10927 | D:8      | Noticed urechis's ghost (novice HOBe)
 10954 | D:8      | Killed urechis's ghost
 11820 | D:9      | Reached ***** piety under Okawaru
 11942 | D:9      | Noticed a two-headed hydra
 11980 | D:9      | Killed a two-headed hydra
 11980 | D:9      | Received a gift from Okawaru
 11980 | D:9      | Reached XP level 11. HP: 84/87 MP: 15/23
 12218 | D:9      | Noticed Erolcha
 12226 | D:9      | Killed Erolcha
 12394 | D:9      | Noticed Erica
 12405 | D:9      | Killed Erica
 12405 | D:9      | Reached skill level 10 in Transmutations
 12882 | D:9      | Found a hide-covered altar of Uskayaw.
 12900 | D:9      | Noticed a two-headed ogre
 12907 | D:9      | Killed a two-headed ogre
 13362 | D:9      | Noticed a two-headed ogre
 13367 | D:9      | Killed a two-headed ogre
 13367 | D:9      | Received a gift from Okawaru
 13920 | D:10     | Entered Level 10 of the Dungeon
 14086 | D:10     | Noticed Fannar
 14109 | D:10     | Killed Fannar
 14109 | D:10     | Reached skill level 5 in Invocations
 14373 | D:10     | Noticed Josephine
 14960 | D:10     | Noticed Psyche
 14965 | D:10     | Killed Psyche
 15121 | D:10     | Noticed Urug
 15133 | D:10     | Killed Urug
 15133 | D:10     | Reached skill level 1 in Charms
 15133 | D:10     | Reached XP level 12. HP: 16/95 MP: 19/24
 15817 | D:10     | Found a burning altar of Makhleb.
 15832 | D:10     | Noticed Sonja
 16041 | D:10     | Noticed urechis's ghost (journeyman HOBe)
 16052 | D:10     | Slain by urechis's ghost

Vault maps used:
D:1:      roderic_octagonal_star
D:2:      lemuel_doored_altar, first_bread, serial_bayou_lagoon_a,
          minmay_misc_feat_iff, uniq_robin, uniq_sigmund
D:3:      nicolae_overflow_quartered_altars
D:4:      cheibrodos_sewer_entry_sluice, serial_shops, kennysheep_mini_moat
D:5:      xom_butterflies, minmay_temple_entry_butterflies
D:6:      nicolae_ossuary_entry_false_entrances
D:7:      serial_co_window_serial, co_window_paths_a, co_window_corner_a,
          co_window_corner_a, co_window_paths_b, co_window_paths_a,
          co_window_2corner, co_window_2corner, co_window_of_opportunity_c,
          co_window_unsneaky_path_a, co_window_broadway_b, co_window_broadway_b,
          glass_columns_a, glass_columns_b, glass_columns_c, glass_columns_a
D:9:      eat_drink_and_be_merry_uskayaw, hangedman_ranch, uniq_erica,
          uniq_erolcha
D:10:     bloody_makhleb, uniq_psyche, uniq_josephine, uniq_sonja, uniq_urug,
          uniq_fannar
D:11:     due_lair_maze_entry_diamond, uniq_grum, uniq_harold
Sewer:    sewer_co_scattered_pipes
Ossuary:  ossuary_minmay_chase

Skill      XL: |  1  2  3  4  5  6  7  8  9 10 11 12 |
---------------+-------------------------------------+-----
Unarmed Combat | 5 6 7 8 9 |  9.9
Fighting       | 2 4 5 6 7 8 9 |  9.4
Dodging        | 5 6 7 8 9 |  9.4
Spellcasting   | 5 7 8 |  8.0
Transmutations | 4 7 8 9 10 | 10.0
Necromancy     | 4 7 8 |  8.0
Invocations    | 2 6 |  6.6
Charms         | 1 2 |  2.4

Action                   |  1- 3 |  4- 6 |  7- 9 | 10-12 || total
-------------------------+-------+-------+-------+-------++-------
Melee: Unarmed           |   100 |   210 |   620 |   384 ||  1314
       Bite              |     9 |    18 |    51 |    41 ||   119
       Punch             |     2 |     6 |    17 |    10 ||    35
       Headbutt          |     2 |     2 |       |     2 ||     6
       Kick              |       |     6 |    16 |     7 ||    29
 Cast: Beastly Appendage |     2 |     3 |     7 |     3 ||    15
       Sticks to Snakes  |       |     3 |     6 |       ||     9
       Blade Hands       |       |       |     5 |    26 ||    31
       Animate Dead      |       |       |     1 |       ||     1
Invok: Heroism           |       |       |     6 |     6 ||    12
       Finesse           |       |       |       |     1 ||     1
  Use: Scroll            |       |       |    17 |     4 ||    21
       Potion            |       |       |     5 |     1 ||     6
 Stab: Sleeping          |       |     2 |     4 |       ||     6
       Distracted        |       |       |     1 |       ||     1
  Eat: Chunk             |       |     7 |    26 |    25 ||    58
       Royal jelly       |       |       |       |     1 ||     1
Armor: Robe              |    11 |    39 |   106 |    43 ||   199
Dodge: Dodged            |    41 |   149 |   461 |   290 ||   941

Vault maps used:
D:1:      roderic_octagonal_star
D:2:      lemuel_doored_altar, first_bread, serial_bayou_lagoon_a,
          minmay_misc_feat_iff, uniq_robin, uniq_sigmund
D:3:      nicolae_overflow_quartered_altars
D:4:      cheibrodos_sewer_entry_sluice, serial_shops, kennysheep_mini_moat
D:5:      xom_butterflies, minmay_temple_entry_butterflies
D:6:      nicolae_ossuary_entry_false_entrances
D:7:      serial_co_window_serial, co_window_paths_a, co_window_corner_a,
          co_window_corner_a, co_window_paths_b, co_window_paths_a,
          co_window_2corner, co_window_2corner, co_window_of_opportunity_c,
          co_window_unsneaky_path_a, co_window_broadway_b, co_window_broadway_b,
          glass_columns_a, glass_columns_b, glass_columns_c, glass_columns_a
D:9:      eat_drink_and_be_merry_uskayaw, hangedman_ranch, uniq_erica,
          uniq_erolcha
D:10:     bloody_makhleb, uniq_psyche, uniq_josephine, uniq_sonja, uniq_urug,
          uniq_fannar
D:11:     due_lair_maze_entry_diamond, uniq_grum, uniq_harold
Sewer:    sewer_co_scattered_pipes
Ossuary:  ossuary_minmay_chase
